 Seeded DCSS version 0.30-a0-956-gcec3b41aec (webtiles) character file.

Game seed: 3125986916090331667 (custom seed)

3 Parcival the Sneak (level 1, 0/13 HPs)
             Began as a Kobold Brigand on Mar 29, 2023.
             Constricted to death by a ball python (1 damage)
             ... on level 1 of the Dungeon.
             The game lasted 00:00:13 (119 turns).

Parcival the Sneak (Kobold Brigand)                  Turns: 119, Time: 00:00:14

Health: 0/13       AC:  3    Str:  8    XL:     1   Next: 55%
Magic:  1/1        EV: 11    Int: 12    God:
Gold:   0          SH:  0    Dex: 16    Spells: 0/0 levels left

rFire   . . .      SeeInvis .    f - +2 rapier (speed)
rCold   . . .      Faith    .    (no shield)
rNeg    . . .      Spirit   .    b - +0 robe
rPois   .          Reflect  .    (no helmet)
rElec   .          Rampage  .    c - +0 cloak
rCorr   .                        (no gloves)
Will    .....                    (no boots)
Stlth   ++++                     (no amulet)
HPRegen 0.22/turn                (no ring)
MPRegen 0.07/turn                (no ring)

@: constricted
A: small, no large weapons, nightstalker 3
a: no special abilities


You were on level 1 of the Dungeon.
You visited 1 branch of the dungeon, and saw 1 of its levels.

Inventory:

Hand Weapons
 a - a +2 dagger
 f - a +2 rapier of speed (weapon)
Missiles
 d - 9 poisoned darts (quivered)
 e - 3 curare-tipped darts
Armour
 b - a +0 robe (worn)
 c - a +0 cloak (worn)


   Skills:
 + Level 2.3 Fighting
 + Level 3.0 Short Blades
 + Level 2.1 Throwing
 + Level 1.2 Dodging
 + Level 5.3 Stealth


You couldn't memorise any spells.
You didn't know any spells.
Your spell library was empty.

Dungeon Overview and Level Annotations

Branches:
Dungeon (1/15)

Altars:


Innate Abilities, Weirdness & Mutations

You are small and have problems with some larger weapons.
You are completely attuned to the shadows.


Message History

The ball python hisses angrily.
The ball python closely misses you. The ball python grabs you.
The ball python constricts you. The ball python barely misses you.
The ball python constricts you. The ball python closely misses you.
The ball python constricts you. The ball python closely misses you.
The ball python constricts you.
The ball python bites you but does no damage.
The ball python constricts you. The ball python bites you.
The ball python constricts you. The ball python bites you.
The ball python constricts you. The ball python barely misses you.
The ball python constricts you. The ball python completely misses you.
The ball python constricts you. The ball python misses you.
The ball python constricts you. The ball python barely misses you.
The ball python constricts you. The ball python closely misses you.
The ball python constricts you. The ball python closely misses you.
The ball python constricts you. The ball python barely misses you.
The ball python constricts you.
The ball python bites you but does no damage.
The ball python constricts you. The ball python bites you.
The ball python constricts you. The ball python closely misses you.
The ball python constricts you. The ball python misses you.
The ball python constricts you. The ball python barely misses you.
The ball python constricts you. The ball python barely misses you.
The ball python constricts you. The ball python completely misses you.
The ball python constricts you.
The ball python bites you but does no damage.
The ball python constricts you. The ball python bites you.
The ball python constricts you.
* * * LOW HITPOINT WARNING * * *
The ball python bites you but does no damage.
The ball python constricts you. The ball python bites you.
* * * LOW HITPOINT WARNING * * *
The ball python constricts you.
The ball python bites you but does no damage.
The ball python constricts you.
* * * LOW HITPOINT WARNING * * *
The ball python closely misses you. The ball python constricts you.
* * * LOW HITPOINT WARNING * * *
The ball python barely misses you. The ball python constricts you.
You die...

### . ..# .. #.#
.# #..##.##.#
#.S@....#
#..##.#.######
.# #........#
###.####.####.
.####.##..).....
......##..)....#
.....###....#...
.[..........>...
.....###.#......


You could see a ball python.

Vanquished Creatures
  An endoplasm (D:1)
  2 goblins (D:1)
3 creatures vanquished.

Notes
Turn   | Place    | Note
-------+----------+-------------------------------------------
     0 | D:1      | Parcival the Kobold Brigand began the quest for the Orb.
     0 | D:1      | Reached XP level 1. HP: 12/12 MP: 1/1
    19 | D:1      | Identified a scroll of acquirement
    19 | D:1      | Acquired a +2 rapier of speed
   119 | D:1      | Constricted to death by a ball python

Illustrated notes

Levels and vault maps discovered:
D:1:      amcnicky_arrival_single_pillar, layout_loops_cross,
          hangedman_glass_garden

Skill      XL: |  1 |
---------------+----+-----
Short Blades   | 3 |  3.0
Fighting       | |  2.3
Throwing       | |  2.1
Dodging        | |  1.2
Stealth        | |  5.3

Action                     || total
---------------------------++-------
  Melee: Rapier            ||     4
    Use: Scroll            ||     1
 Armour: Robe              ||     7
  Dodge: Dodged            ||    23

Table legend: (Time is in decaauts)
 A = Elapsed time spent in this place.
 B = Non-inter-level travel time spent in this place.
 C = Inter-level travel time spent in this place.
 D = Time resting spent in this place.
 E = Time spent auto-exploring this place.
 F = Levels seen in this place.
 G = Mean time per level.
                   A        B        C        D        E       F      G
               +--------+--------+--------+--------+--------+-----+--------+
         Total |    117 |    117 |      0 |      0 |     63 |   1 |  117.0 |
       Dungeon |    117 |    117 |      0 |      0 |     63 |   1 |  117.0 |
               +--------+--------+--------+--------+--------+-----+--------+

Top non-repeatable levels by time:
     D:1: 117 daAuts
